Cogmind - Beta 11 X8 @@@ ROGUE MODE // 2021.11.22 @ 14:38:28 Player: biogoob Result: Destroyed by D-53 Grenadier with Mini Grenade Launcher Performance ------------- Evolutions (0) 0 Regions Visited (2) 400 Robots Destroyed (10) 50 Value Destroyed (176) 176 Prototype IDs (0) 0 Alien Tech Used (0) 0 Bonus (0) 0 TOTAL SCORE: 626 Bonus ------- None Cogmind --------- Core Integrity 0/250 Matter 244/300 Energy 100/100 System Corruption 2% Temperature Cool (0) Movement Core (700) Ox13 Location -10/Mines Parts ------- > --- POWER (1) -------- (None) > --- PROPULSION (2) --- (None) > --- UTILITY (2) ------ High-capacity Storage Unit Targeting Computer > --- WEAPON (2) ------- (None) > --- INVENTORY (20) --- Light Ion Engine Light Ion Engine Compact Wheel Compact Wheel Compact Wheel Compact Wheel Compact Wheel Compact Wheel Compact Wheel Compact Wheel Heat Shielding Small Storage Unit Medium Storage Unit Weapon Shielding Light Armor Plating Small Laser Assault Rifle Grenade Launcher Heavy Hammer Heavy Hammer Peak State ------------ > --- POWER ------------ Ion Engine > --- PROPULSION ------- Wheel Wheel > --- UTILITY ---------- High-capacity Storage Unit Targeting Computer > --- WEAPON ----------- Small Laser Assault Rifle > --- INVENTORY -------- Light Ion Engine Light Ion Engine Aluminum Leg Aluminum Leg Compact Wheel Compact Wheel Compact Wheel Compact Wheel Compact Wheel Compact Wheel Compact Wheel Compact Wheel Compact Wheel Small Storage Unit Medium Storage Unit Weapon Shielding Light Armor Plating Small Laser Assault Rifle Grenade Launcher [Rating: 9] Favorites ----------- Power Ion Engine Engine Ion Engine Propulsion Wheel Leg Aluminum Leg Wheel Wheel Utility High-capacity Storage Unit Storage High-capacity Storage Unit Processor Targeting Computer Protection Weapon Shielding Weapon Assault Rifle Energy Gun Small Laser Ballistic Gun Assault Rifle Launcher Grenade Launcher Build | -11 -10 -10 ------- Run | Scr Mat Min Slots Evolved . | . . . Power . | . . . Propulsion . | . . . Utility . | . . . Weapon . | . . . Parts Attached 8 | . 7 1 Power . | . . . Engine . | . . . Core . | . . . Reactor . | . . . Propulsion 3 | . 3 . Treads . | . . . Leg . | . . . Wheel 3 | . 3 . Hover . | . . . Flight . | . . . Utility 3 | . 3 . Device . | . . . Storage 1 | . 1 . Processor 1 | . 1 . Hackware . | . . . Protection 1 | . 1 . Artifact . | . . . Weapon 2 | . 1 1 Energy Gun 1 | . . 1 Energy Cannon . | . . . Ballistic Gun . | . . . Ballistic Cannon . | . . . Launcher 1 | . 1 . Special Weapon . | . . . Impact Weapon . | . . . Slashing Weapon . | . . . Piercing Weapon . | . . . Special Melee Weapon . | . . . Unidentified Prototypes . | . . . Parts Lost 5 | . . 5 Power 1 | . . 1 Propulsion 2 | . . 2 Utility . | . . . Weapon 2 | . . 2 Highest Loss Streak 5 | . . 5 Average Slot Usage (%) 98 | . 98 95 Engine 13 | . 14 12 Leg 11 | . 12 . Wheel 16 | . 15 28 Storage 14 | . 14 14 Processor 5 | . 4 14 Protection 7 | . 8 . Energy Gun 12 | . 14 1 Ballistic Gun 13 | . 14 12 Launcher 1 | . . 11 Naked Turns . | . . . Heaviest Build 50 | 13 50 50 Greatest Support 26 | 20 26 20 Greatest Overweight (x) 4 | . 4 2 Average Overweight (x) 1 | . 1 1 Largest Inventory Capacity 20 | . 20 20 Average Capacity 17 | . 17 20 Most Carried 20 | . 20 20 Average Carried 13 | . 12 20 Final Capacity 20 | 8 20 20 Final Carried 20 | 6 20 20 Class Distribution -------------------- 100% | Mutant Dominant Class ---------------- Mutant | -10/Materials Mutant | -10/Mines Resources | -11 -10 -10 ----------- Run | Scr Mat Min Matter Collected 297 | 200 97 . Remotely . | . . . Salvage Created 237 | . 213 24 Parts 16 | . 11 5 Haulers Intercepted . | . . . Recyclers Shooed . | . . . Parts Field Recycled . | . . . Retrieved Matter . | . . . Parts Self-Destructed . | . . . Prevented . | . . . Kills | -11 -10 -10 ------- Run | Scr Mat Min Combat Hostiles Destroyed 9 | . 6 3 Guns 6 | . 6 . AOE 3 | . . 3 Classes Destroyed 3 | . 3 . Worker 1 | . 1 . Swarmer 6 | . 3 3 Grunt 3 | . 3 . Best Kill Streak 4 | . 4 3 Combat Bots Only 3 | . 3 3 Max Kills in Single Turn 2 | . 1 2 Gunslinging . | . . . Exploded 2 | . . 2 Melee . | . . . Uniques/NPCs Destroyed . | . . . Combat | -11 -10 -10 -------- Run | Scr Mat Min Damage Taken 772 | . 397 375 Core 260 | . 73 187 Absorbed by Shields . | . . . Core Remaining (%) 100 | 100 . . Volleys Fired 28 | . 26 2 Largest 2 | . 2 1 Hottest 60 | . 60 30 Shots Fired 47 | . 45 2 Gun 45 | . 45 . Cannon . | . . . Launcher 2 | . . 2 Special . | . . . Kinetic 26 | . 26 . Thermal 19 | . 19 . Explosive 2 | . . 2 Electromagnetic . | . . . Robot Hit Streak 6 | . 5 6 Robot Miss Streak 5 | . 5 1 Penetration Max . | . . . Secondary Targets . | . . . Shots Hit Robots 28 | . 27 1 Core Hits 15 | . 12 3 Critical Kills . | . . . Critical Parts Destroyed . | . . . Critical Strikes . | . . . Melee Attacks . | . . . Impact . | . . . Slashing . | . . . Piercing . | . . . Sneak Attacks . | . . . Combat Hostiles . | . . . Follow-up Attacks . | . . . Damage Inflicted 524 | . 377 147 Guns 377 | . 377 . Cannons . | . . . Explosions 147 | . . 147 Melee . | . . . Ramming . | . . . Kinetic 239 | . 239 . Thermal 138 | . 138 . Explosive 147 | . . 147 Electromagnetic . | . . . Impact . | . . . Slashing . | . . . Piercing . | . . . Highest Corruption 2 | . 2 2 Average Corruption 1 | . 1 2 Corruption Purged . | . . . Effects 1 | . 1 . Message Errors 1 | . 1 . Overload Shots . | . . . Overflow Damage . | . . . Projectiles . | . . . Explosions . | . . . Melee . | . . . Knockbacks . | . . . Impact . | . . . Kinetic . | . . . Secondary . | . . . Self-Inflicted Damage . | . . . Shots . | . . . Rammed . | . . . Targets Rammed . | . . . Kicked . | . . . Crushed . | . . . Highest Temperature 57 | . 57 . Average Temperature 28 | . 28 . Received Heat Transfer 132 | . 132 . Siege Activations . | . . . Robots Corrupted . | . . . Combat Hostiles . | . . . Parts Fried . | . . . Impact Corruptions . | . . . Robots Melted . | . . . Combat Hostiles . | . . . Parts Melted 1 | . 1 . Heat Transferred 300 | . 300 . Parts Sabotaged . | . . . Parts Stolen . | . . . Parts Stripped . | . . . Power Chain Reactions . | . . . Missiles Intercepted . | . . . Alert | -11 -10 -10 ------- Run | Scr Mat Min Peak Influence 230 | . 230 70 Initial . | . . . Average 92 | . 95 62 Maximum Alert Level 1 | . 1 . Low Security (%) 87 | . 85 100 Level 1 12 | . 14 . Level 2 . | . . . Level 3 . | . . . Level 4 . | . . . Level 5 . | . . . High Security . | . . . Max Security . | . . . Squads Dispatched 2 | . 2 . Investigation . | . . . Extermination . | . . . Reinforcement 2 | . 2 . Assault . | . . . Garrison . | . . . Intercept . | . . . Construction Impeded . | . . . Haulers Reinforced . | . . . Active Scanning Responses . | . . . Cargo Convoy Interrupts . | . . . Stealth | -11 -10 -10 --------- Run | Scr Mat Min Distress Signals 2 | . 2 . Communications Jammed . | . . . Distress Signals . | . . . Times Spotted 39 | . 16 23 Peak Tracking Total 20 | . 4 20 Tactical Retreats . | . . . Traps | -11 -10 -10 ------- Run | Scr Mat Min Traps Triggered 2 | . 2 . Indirectly . | . . . Trap Hack Attempts . | . . . Triggered . | . . . Disarmed 1 | . 1 . Reprogrammed . | . . . Reused . | . . . Traps Extracted . | . . . Installed . | . . . Triggered . | . . . Machines | -11 -10 -10 ---------- Run | Scr Mat Min Machines Disabled . | . . . Max in Single Turn . | . . . Machines Sabotaged . | . . . Garrisons Compromised . | . . . Overloaded Fab Kills . | . . . Hacking | -11 -10 -10 --------- Run | Scr Mat Min Machines Accessed 5 | . 5 . Terminals 5 | . 5 . Fabricators . | . . . Repair Stations . | . . . Recycling Units . | . . . Scanalyzers . | . . . Garrison Access . | . . . Total Hacks 20 | . 20 . Successful 9 | . 9 . Failed 11 | . 11 . Catastrophic . | . . . Database Lockouts . | . . . Manual 17 | . 17 . Terminals 20 | . 20 . Fabricators . | . . . Repair Stations . | . . . Recycling Units . | . . . Scanalyzers . | . . . Garrison Access . | . . . Terminal Hacks 5 | . 5 . Robot Analysis 2 | . 2 . Locate Traps 2 | . 2 . Disarm Traps 1 | . 1 . Fabricator Hacks . | . . . Repair Station Hacks . | . . . Recycling Unit Hacks . | . . . Scanalyzer . | . . . Garrison Access Hacks . | . . . Unauthorized Hacks 4 | . 4 . Terminals 4 | . 4 . Botnet 3 | . 3 . Operators 1 | . 1 . Fabricators . | . . . Repair Stations . | . . . Recycling Units . | . . . Scanalyzers . | . . . Garrison Access . | . . . Data Cores Recovered . | . . . Used . | . . . Hacking Detections 5 | . 5 . Full Trace Events . | . . . Feedback Events . | . . . Feedback Blocked . | . . . Robot Schematics Acquired . | . . . Robots Built . | . . . Authchips . | . . . Time . | . . . Total Robot Build Rating . | . . . Part Schematics Acquired . | . . . Parts Built . | . . . Authchips . | . . . Time . | . . . Total Part Build Rating . | . . . Parts Repaired . | . . . Time . | . . . Parts Recycled . | . . . Recycled Matter . | . . . Retrieved Matter . | . . . Retrieved Components . | . . . Parts Scanalyzed . | . . . Part Schematics Acquired . | . . . Parts Damaged . | . . . Bothacking | -11 -10 -10 ------------ Run | Scr Mat Min Used RIF Installer . | . . . Robots Hacked . | . . . Non-combat . | . . . Combat . | . . . Robot Hacks Applied . | . . . Relay Couplers Released . | . . . Fabnet Peak Effective % . | . . . Robots Rewired . | . . . Allies Hacked . | . . . Hacks Repelled . | . . . Allies | -11 -10 -10 -------- Run | Scr Mat Min Total Allies . | . . . Largest Group . | . . . Highest-Rated Group . | . . . Highest-Rated Ally . | . . . Total Orders . | . . . Ally Attacks . | . . . Total Damage . | . . . Kills . | . . . Allies Corrupted . | . . . Allies Melted . | . . . Intel | -11 -10 -10 ------- Run | Scr Mat Min Robot Analysis Total 2 | . 2 . Derelict Logs Recovered . | . . . Drone Launches . | . . . Drone Recoveries . | . . . Exploration | -11 -10 -10 ------------- Run | Scr Mat Min Turns Passed 903 | . 802 101 Spaces Moved 634 | 1 548 85 Core . | . . . Treads . | . . . Legs 195 | 1 194 . Wheels 439 | . 354 85 Hover . | . . . Flight . | . . . Fastest Speed 95 | 120 105 95 Average Speed 125 | 120 127 109 Slowest Speed 400 | 120 400 110 Overloaded Moves . | . . . Propulsion Burnouts . | . . . Robots Hopped . | . . . Cave-ins Triggered . | . . . Exploration Rate (%) 35 | 2 75 30 Regions Visited 2 Branch Regions 1 Pre-discovered Areas . | . . . Known Exits Taken . | . . . Unknown Exits Taken 2 | 1 1 . Scrap Searched . | . . . Spaces Dug . | . . . Terrain Destroyed 17 | . . 17 Melee . | . . . Projectile . | . . . AOE 17 | . . 17 Terrain Rammed . | . . . Walls Destroyed . | . . . Machines Disabled . | . . . Actions | -11 -10 -10 --------- Run | Scr Mat Min Total 697 | . 607 90 Wait 3 | . 1 2 Move 632 | . 547 85 Hop . | . . . Pick Up 16 | . 16 . Fast Attach 4 | . 4 . Attach . | . . . Detach 3 | . 3 . Swap 4 | . 3 1 Drop 7 | . 7 . Fire 28 | . 26 2 Melee . | . . . Ram . | . . . Kick . | . . . Crush . | . . . Escape Stasis . | . . . Rewire . | . . . Trap . | . . . Miscellaneous . | . . . Route ------- -11/Scrapyard -10/Materials (discovered 4 exits: [*Mat x3] / [*Min]) -10/Mines (discovered 1 exit: [*Mat]) History --------- Turn | Location | Event 1 | -11/Scrapyard | Discovered new exit (range 0) 1 | -11/Scrapyard | Entered Materials 265 | -10/Materials | Discovered new exit (range 16) 317 | -10/Materials | Build established: Mutant 531 | -10/Materials | Discovered new exit (range 7) 671 | -10/Materials | Discovered new exit (range 7) 726 | -10/Materials | Discovered new exit (range 3) 803 | -10/Materials | Entered Mines 828 | -10/Mines | Discovered new exit (range 9) 876 | -10/Mines | Assembled infested the area 881 | -10/Mines | Assisted by a Guerilla fighting off Assembled 894 | -10/Mines | Core integrity fell below 50% 903 | -10/Mines | Core integrity fell below 20% 904 | -10/Mines | Destroyed by D-53 Grenadier with Mini Grenade Launcher Last Messages --------------- 00890_ Ion Engine destroyed. 00890_ as-73273 destroyed. 00891_ The unstable cave ceiling collapses. 00892_ as-95303 destroyed. 00892_ as-00106 destroyed. 00892_ as-79764 destroyed. 00894_ as-61616 destroyed. 00894_ as-22506 destroyed. 00894_ as-14864 destroyed. 00894_ as-17973 destroyed. 00894_ as-99573 destroyed. 00894_ as-08040 destroyed. 00894_ as-72669 destroyed. 00895_ The unstable cave ceiling collapses. 00896_ as-16476 destroyed. 00896_ as-56297 destroyed. 00896_ as-81373 destroyed. 00899_ Assault Rifle destroyed. 00902_ Wheel destroyed. 00904_ The unstable cave ceiling collapses. Map ----- +----------------------------------------------------+ | ????????????????????????????????###??????????????? | | ??????????????????????????????### #?????????????? | | ??????????????????????????????# #????????????? | | ??????????????????????????##### = #???????????? | | ?????????????????????????? %[ #####??????? | | ????????????????????????? ##?????? | | ????????????????????????? =% #?????? | | ????????????????????????? % #?????? | | ???????????????????????? ##????? | | ????????????????????????? # ##???? | | ?????????????????????????# ### ### """ #???? | | ??????????????????????????????????## """ #???? | | ???????????????????????????????????## """ ##???? | | ??????????????????#???????????# ### ###????? | | ??????????????????# ????????????# ##??????? | | ??????????????????# ????????????# #### ##??????? | | ??????????????????# ????????????????## #??????? | | ??????????????????# #????????????????# #??????? | | ??????????????????# ??????????# ##### ##?????? | | ???????????##????#? ???##????# #####?? | | ??????????? # ?# ### ###??######## ##? | | ??????????? # #?????????# #? | | ?????????#??# # ##????????# ## ##? | | ?????????# # ] # #????????# ## ##?? | | ?? % % = #???####?# ## #??? | | ??????# @ # ##### ### ## #??? | | ???????? # dd # ## #??? | | ?????????????# ##### ##?? | | ?????????????# #### #?? | | ?????????????## # % ## #?? | | ??????????????# ## #?? | | ??????????????### # ##?### < ##?? | | ????????????????#######?????## ##??? | | ?????????????????????????????## ##???? | | ??????????????????????????????####### ##????? | | ????????????????????????????????????## ##????? | | ?????????????????????????????????????## ##???? | | ??????????????????????????????????????### ##??? | | ????????????????????????????????????????## ##?? | | ?????????????????????????????????????????## ##? | | ??????????????????????????????????????????## #? | | ???????????????????????????????????????????# #? | | ???????????????????????????????????????????## ##? | | ?????????????????????????????????????????????###?? | | ?????????????????????????????????????????????????? | | ?????????????????????????????????????????????????? | | ?????????????????????????????????????????????????? | | | | | | | +----------------------------------------------------+ Best States ------------- Heat Dissipation 25 Energy Generation 10 Energy Capacity 250 Matter Stores 300 Matter Capacity 300 Sight Range 16 Terrain Scan Density 10 Weapon Shielding 33 Evasion (%) 55 Targeting Accuracy 5 Item Schematics ----------------- None Robot Schematics ------------------ None Fabricated ------------ Nothing Alien Tech Used ----------------- None Achievements -------------- None Challenges ------------ None Game ------ Seed MobileLatentShielding Manual? 0 Play Time 00:06:44 Cumulative 60.2 hours Start 2021.11.22 @ 14:32:41 End 2021.11.22 @ 14:38:28 Sessions 1 Manual Loads 0 Difficulty Rogue Special Mode None Game No. 71 Rogue 51 Adventurer 17 Explorer 3 Win Type - Total 1 Types 0/0/1/0/0/0/0/0/0 Lore% 36 Gallery% 42 Achievement% 42 Wizard Run 0 Options --------- ASCII 1 Keyboard 1 Movement Vi Keybinds 0 Fullscreen 1 Font 18/Terminus Map View 83x54 Tactical HUD 1 Map Filters SATURATION(80) Filters SATURATION(80) Steam 1 RUN: 5b06bda4-366e-4552-9c9b-0ec3c31c8033